 Dungeon Sprint DCSS version 0.17.1-3-g152610e (webtiles) character file.

1400000 Groucho the Imperceptible (level 14, -47/117 HPs)
             Began as an Octopode Assassin on Apr 27, 2016.
             Was a Follower of Makhleb.
             Annihilated by a meat berserker
             ... wielding a +9 battleaxe
              (72 damage)
             ... in the Dungeon (Sprint VIII: "Arena of Blood").
             The game lasted 00:00:41 (14 turns).

Groucho the Imperceptible (Octopode Assassin)         Turns: 14, Time: 00:00:41

Health: -47/117    AC:  1    Str: 11    XL:     14   Next: 6%
Magic:  14/14      EV: 27    Int: 13    God:    Makhleb [*.....]
Gold:   0          SH:  0    Dex: 18    Spells: 0 memorised, 13 levels left

rFire  . . .     SeeInvis .     l - +∞ Axe of Woe
rCold  . . .     Clarity  .     (shield currently unavailable)
rNeg   . . .     SustAt   .     (helmet restricted)
rPois  .         Gourm    .     (no amulet)
rElec  .         Spirit   .     (no ring)
rCorr  .         Warding  .     (no ring)
rMut   .         NoTele   +     (no ring)
MR     +....                    (no ring)
Stlth  ++++++++++               (no ring)
                                (no ring)
                                (no ring)
                                (no ring)

@: somewhat resistant to hostile enchantments, uncannily stealthy
A: almost no armour, amphibious, 8 rings, constrict 8, camouflage 1, gelatinous
body 1
a: Renounce Religion


You were in the Dungeon.
You worshipped Makhleb.
Makhleb was aware of your devotion.
You were not hungry.

You visited 1 branch

Inventory:

Hand Weapons
 a - a +2 dagger
 b - a +0 blowgun
 l - the +∞ Axe of Woe (weapon)
   (You found it in the Dungeon)
Missiles
 c - 8 poisoned needles
 d - 2 curare-tipped needles
Scrolls
 k - a scroll of blinking
Potions
 f - a potion of curing
 g - a potion of heal wounds
 h - a potion of haste
 i - 2 potions of magic
 j - a potion of berserk rage
Comestibles
 e - a bread ration


   Skills:
 * Level 18.2 Fighting
 * Level 18.2 Short Blades
 - Level 2.0 Throwing
 * Level 18.1 Dodging
 * Level 24.2 Stealth


You had 13 spell levels left.
You didn't know any spells.

Dungeon Overview and Level Annotations

Branches:
Dungeon (1/1)

Altars:
Makhleb


Innate Abilities, Weirdness & Mutations

You cannot wear most types of armour.
You are amphibious.
You can wear up to eight rings at the same time.
You can use your tentacles to constrict eight enemies at once.
Your skin changes colour to match your surroundings (Stealth).
Your rubbery body absorbs attacks (AC +1).


Message History

You hear a shout! x9
The bag of meat moves out of view.
You hear a shout! x5
The bag of meat hits you with a +9 war axe!
* * * LOW HITPOINT WARNING * * *
You hear a shout! x3 2 orcs come into view.
The bag of meat shouts!
You slice the bag of meat!!
You fatally mangle the bag of meat.
You kill the bag of meat!
Makhleb accepts your kill.
Your Fighting skill gained 2 levels and is now at level 18!
Your Short Blades skill gained 2 levels and is now at level 18!
Your Dodging skill gained 2 levels and is now at level 18!
Your Stealth skill gained 2 levels and is now at level 24!
You have reached level 14!
You hear a shout! x7
The meat berserker hits you with a +9 battleaxe!!!!
Ouch! That really hurt!
You die...

.. .. .. .. #.
.# #.. ..#
.###.. ..###.
.....o###......
.....o.@.......
....#..O..#....
. #_.O._# .
#.....#
...o._.....
.....o###......
.###.o ..###.
#o. ..# #.. ..#


You could see 2 meat berserkers and 6 bags of meat.

Vanquished Creatures
  3 orcs (D)
3 creatures vanquished.

Notes
Turn   | Place    | Note
--------------------------------------------------------------
     0 | D        | Groucho the Octopode Assassin began the quest for the Orb.
     0 | D        | Reached XP level 1. HP: 14/14 MP: 1/1
     3 | D        | Noticed a bag of meat
     4 | D        | Became a worshipper of Makhleb the Destroyer
     5 | D        | Noticed a bag of meat
     7 | D        | Noticed a bag of meat
     8 | D        | Noticed a bag of meat
    11 | D        | Noticed a bag of meat
    11 | D        | Noticed a bag of meat
    11 | D        | Killed a bag of meat
    11 | D        | Reached skill level 14 in Fighting
    11 | D        | Reached skill level 19 in Stealth
    11 | D        | Reached XP level 2. HP: 16/38 MP: 2/2
    11 | D        | Reached XP level 3. HP: 18/44 MP: 3/3
    11 | D        | Reached XP level 4. HP: 20/50 MP: 4/4
    11 | D        | Reached XP level 5. HP: 22/55 MP: 5/5
    11 | D        | Reached XP level 6. HP: 24/62 MP: 6/6
    11 | D        | Reached XP level 7. HP: 25/67 MP: 7/7
    11 | D        | Reached XP level 8. HP: 27/73 MP: 8/8
    11 | D        | Reached XP level 9. HP: 29/79 MP: 9/9
    11 | D        | Reached XP level 10. HP: 31/85 MP: 10/10
    11 | D        | Reached XP level 11. HP: 32/90 MP: 11/11
    11 | D        | Reached XP level 12. HP: 34/97 MP: 12/12
    12 | D        | Noticed a meat berserker
    13 | D        | Noticed a bag of meat
    13 | D        | Noticed a meat berserker
    13 | D        | Killed a bag of meat
    13 | D        | Reached * piety under Makhleb
    13 | D        | Reached skill level 22 in Stealth
    13 | D        | Reached XP level 13. HP: 37/107 MP: 13/13
    14 | D        | Noticed a bag of meat
    14 | D        | Noticed a bag of meat
    14 | D        | Killed a bag of meat
    14 | D        | Reached skill level 24 in Stealth
    14 | D        | Reached XP level 14. HP: 24/117 MP: 14/14
    14 | D        | Annihilated by a meat berserker

Action                   |  1- 3 |  4- 6 |  7- 9 | 10-12 | 13-15 || total
-------------------------+-------+-------+-------+-------+-------++-------
Melee: Executioner's axe |     1 |       |       |     1 |     1 ||     3
